 Dungeon Crawl Stone Soup version 0.31.0-12-g77e489cdc1 (webtiles) character file.

Game seed: 16095963671286167810

209 Bobsterar the Changeling (level 5, -9/34 HPs)
             Began as an Octopode Shapeshifter on Mar 7, 2024.
             Splashed by a jelly's acid (11 damage)
             ... on level 2 of the Dungeon.
             The game lasted 00:04:11 (1643 turns).

Bobsterar the Changeling (Octopode Shapeshifter)    Turns: 1643, Time: 00:04:11

Health: -9/34      AC: -19   Str: 15    XL:     5   Next: 87%
Magic:  7/7        EV: 13    Int: 12    God:
Gold:   40         SH:  4    Dex: 10    Spells: 7/7 levels left

rFire   . .          .
                       - Unarmed
rCold   . . .        (no shield)
rNeg    . . .        (helmet currently unavailable)
rPois   .            (no amulet)
rElec   .            (no ring)
rCorr   .            (no ring)
SInv    .            (no ring)
Will    +....        (no ring)
Stlth   ++           (no ring)
HPRegen 0.25/turn    (no ring)
MPRegen 0.10/turn    (no ring)
                     (no ring)

%: no passive effects
@: beast-form, corroded, studying Shapeshifting, invisible
A: beast (slay +2), almost no armour, amphibious, 8 rings, camouflage 1,
gelatinous body 1, (nimble swimmer 1), tentacles, large bone plates 1, clumsy 1,
strong-willed 1
a: Begin Untransformation


You were on level 2 of the Dungeon.
You were a hulking beast.
You visited 1 branch of the dungeon, and saw 2 of its levels.

You collected 40 gold pieces.

Inventory:

Talismans
 b - a beast talisman (active)
 c - a flux talisman
Scrolls
 a - a scroll of brand weapon
 e - a scroll of vulnerability
 g - a scroll of immolation
 h - a scroll of teleportation
 n - a scroll of enchant weapon {unknown}
 p - a scroll of noise {unknown}
 q - a scroll of fog {unknown}
Potions
 f - a potion of mutation
 i - a potion of heal wounds {unknown}
 j - a potion of enlightenment {unknown}
 m - a potion of attraction {unknown}
 o - a potion of degeneration {unknown}


   Skills:
 + Level 2.2 Fighting
 + Level 3.0 Dodging
 + Level 3.7 Unarmed Combat
 + Level 1.5 Spellcasting
 * Level 4.3 Shapeshifting


You had 7 spell levels left.
You didn't know any spells.
Your spell library contained the following spells:

 Spells                   Type           Power      Damage    Failure   Level
 Static Discharge         Conj/Air       0%         3-3/arc   41%         2
 Airstrike                Air            0%         2d(0-16)  96%         4
 Cause Fear               Hex            0%         N/A       96%         4
 Summon Lightning Spire   Summ/Air       0%         N/A       96%         4
 Fireball                 Conj/Fire      0%         3d3       100%        5
 Dragon's Call            Summ           0%         N/A       100%        9


Dungeon Overview and Level Annotations

Branches:
Dungeon (2/15)

Altars:


Innate Abilities, Weirdness & Mutations

You are a hulking beast.
Your limbs bulge with bestial killing power. (Slay +2)
You cannot wear most types of armour.
You are amphibious.
You can wear up to eight rings at the same time.
Your skin changes colour to match your surroundings (Stealth+).
Your rubbery body absorbs attacks. (AC +1, EV +1)
((You are camouflaged when in or above water. (Stealth+)))
You have tentacles for arms and can constrict up to eight enemies at once.
You are partially covered in large bone plates. (SH +4)
You are clumsy. (Dex -2)
You are strong-willed. (Will+)


Message History

A kobold comes into view. It is wielding a +0 club.
A kobold is nearby!
The kobold shouts!
You hear a distant slurping noise.
The door mysteriously vanishes.
A jelly comes into view.
The jelly quivers.
The kobold closely misses you.
You bludgeon the kobold!
You kill the kobold!
You bludgeon the jelly!
Your tentacles burn!
You squeeze the jelly.
The jelly is heavily wounded.
The jelly hits you. The acid corrodes you!
You are splashed with acid.
You tentacle-slap the jelly but do no damage.
Your tentacles burn!
The jelly is heavily wounded.
You block the jelly's attack.
You tentacle-slap the jelly. The acid corrodes you!
Your tentacles burn!
The jelly is severely wounded.
The jelly closely misses you.
You barely miss the jelly.
The jelly is severely wounded.
The jelly hits you. The acid corrodes you!
You are splashed with acid!
You are too injured to fight recklessly!
You are too injured to fight recklessly!
You are too injured to fight recklessly!
You tentacle-slap the jelly but do no damage.
The acid corrodes you!
Your tentacles burn!
The jelly is severely wounded.
The jelly hits you.
* * * LOW HITPOINT WARNING * * *
The acid corrodes you!
You are splashed with acid!
* * * LOW HITPOINT WARNING * * *
Okay, then.
It was a potion of invisibility.
You fade into invisibility!
You block the jelly's attack. The jelly attacks as it pursues you!
The jelly hits you.
* * * LOW HITPOINT WARNING * * *
You are splashed with acid!
You die...

#...#
##)))..###########.#
###.#
#..)....##.........#
#.#
#.).....######...#.###
#.#
#.......##....^....†..
#.#
#.......######...#....
#.# #....####
######### #.#
#....'..## #.#
########.# #.#
#.)Jh..## #.#
#.####### #.# #.# #
#.# # #.# # #.# # #.#
# #.# ####


You could see a jelly.

Vanquished Creatures
  Sigmund (D:2)
  2 adders (D:2)
  4 ball pythons
  2 endoplasms
  A giant cockroach (D:2)
  2 goblins
  3 hobgoblins
  8 jackals
  A quokka (D:1)
  5 bats
  9 kobolds
38 creatures vanquished.

Notes
Turn   | Place    | Note
-------+----------+-------------------------------------------
     0 | D:1      | Bobsterar the Octopode Shapeshifter began the quest for the
                  | Orb.
     0 | D:1      | Reached XP level 1. HP: 13/13 MP: 1/1
   108 | D:1      | Reached XP level 2. HP: 11/18 MP: 2/2
   254 | D:1      | Found a faded altar of an unknown god.
   953 | D:2      | Reached XP level 3. HP: 22/23 MP: 3/3
  1066 | D:2      | Noticed Sigmund
  1085 | D:2      | Gained mutation: You are clumsy. (Dex -2) [potion of
                  | mutation]
  1085 | D:2      | Gained mutation: You are strong-willed. (Will+) [potion of
                  | mutation]
  1085 | D:2      | Gained mutation: You are partially covered in large bone
                  | plates. (SH +4) [potion of mutation]
  1098 | D:2      | Killed Sigmund
  1099 | D:2      | Reached skill level 1 in Spellcasting
  1099 | D:2      | Reached skill level 4 in Shapeshifting
  1099 | D:2      | Reached XP level 4. HP: 16/29 MP: 3/6
  1099 | D:2      | Reached XP level 5. HP: 19/34 MP: 3/7
  1517 | D:2      | Identified a scroll of acquirement
  1518 | D:2      | Acquired a manual of Shapeshifting
  1643 | D:2      | Splashed by a jelly's acid

Illustrated notes

Levels and vault maps discovered:
D:1:      dpeg_arrival_short_road, layout_basic, basic_ecumenical_altar
D:2:      cheibrodos_fertilizer, layout_loops_ring, uniq_sigmund

Skill      XL: |  1  2  3  4  5 |
---------------+----------------+-----
Fighting       | 2 |  2.2
Spellcasting   | 1 |  1.5
Shapeshifting  | 4 |  4.3
Dodging        | 3 |  3.0
Unarmed Combat | |  3.7

Action                     |  1- 3 |  4- 6 || total
---------------------------+-------+-------++-------
  Melee: Unarmed           |    63 |    29 ||    92
         Constrict         |    14 |     3 ||    17
         Tentacles         |     6 |     4 ||    10
         Punch             |     1 |       ||     1
    Use: Potion            |     2 |     1 ||     3
         Scroll            |       |     6 ||     6
   Stab: Sleeping          |     1 |     3 ||     4
 Armour: Skin              |    46 |    28 ||    74
  Dodge: Dodged            |    34 |    10 ||    44
  Block: Other             |       |     4 ||     4
   Form: Beast             |     1 |       ||     1
